 Dungeon Crawl Stone Soup version 0.31.0-32-g396128a36d (webtiles) character file.

Game seed: 8225678962132895776

333 Doomgape the Ruffian (level 6, -8/51 HPs)
             Began as a Draconian Shapeshifter on Mar 10, 2024.
             Mangled by a gnoll sergeant
             ... wielding a +0 spear
              (9 damage)
             ... on level 5 of the Dungeon.
             The game lasted 00:06:54 (2186 turns).

Doomgape the Ruffian (Draconian Shapeshifter)       Turns: 2186, Time: 00:06:55

Health: -8/51      AC:  6    Str: 18    XL:     6   Next: 27%
Magic:  6/6        EV: 12    Int: 10    God:
Gold:   81         SH:  0    Dex: 11    Spells: 5/5 levels left

rFire   . .          .
                       - Unarmed
rCold   . . .        (no shield)
rNeg    . . .        (body armour unavailable)
rPois   .            (helmet currently unavailable)
rElec   .            (cloak currently unavailable)
rCorr   .            (gloves currently unavailable)
SInv    .            (boots currently unavailable)
Will    .....        (no amulet)
Stlth   +            (no ring)
HPRegen 0.28/turn    (no ring)
MPRegen 0.10/turn

%: no passive effects
@: beast-form
A: beast (slay +2), AC +6, unfitting armour, cold-blooded
a: Begin Untransformation


You were on level 5 of the Dungeon.
You were a hulking beast.
You visited 1 branch of the dungeon, and saw 4 of its levels.

You collected 81 gold pieces.

Inventory:

Missiles
 k - 3 javelins (quivered)
Armour
 o - a +2 buckler
Talismans
 b - a beast talisman
 c - a flux talisman
Wands
 n - a wand of flame (36)
Scrolls
 e - a scroll of fog
 j - a scroll of blinking
 l - a scroll of identify
Potions
 a - 2 potions of lignification
 d - 2 potions of cancellation {unknown}
 f - a potion of brilliance {unknown}
 g - a potion of might {unknown}
 h - a potion of resistance {unknown}
 i - a potion of curing


   Skills:
 + Level 3.5 Fighting
 + Level 3.3 Dodging
 + Level 4.3 Unarmed Combat
 + Level 4.1 Shapeshifting


You had 5 spell levels left.
You didn't know any spells.
Your spell library was empty.

Dungeon Overview and Level Annotations

Branches:
Dungeon (5/15)
 Temple: D:4-7

Altars:
Dithmenos


Innate Abilities, Weirdness & Mutations

You are a hulking beast.
Your limbs bulge with bestial killing power. (Slay +2)
Your plain brown scales are hard. (AC +6)
You cannot fit into any form of body armour.
You are cold-blooded and may be slowed by cold attacks.


Message History

Press: ? - help, Shift-Dir - straight line, f - gnoll sergeant
Aim: a gnoll sergeant, wielding a +0 spear and wearing a +0 ring mail (77% to hit)
The puff of flame hits the gnoll!
The gnoll is almost dead.
Unknown command.
The gnoll hits you from afar with a +0 spear.
The gnoll hits you with a +0 spear.
You barely miss the gnoll.
The gnoll is almost dead.
The gnoll hits you but does no damage.
The gnoll sergeant completely misses you.
You hit the gnoll.
You kill the gnoll!
The gnoll sergeant barely misses you.
The gnoll sergeant hits you with a +0 spear.
The gnoll hits you but does no damage.
Things that are here:
a +0 spear; a gnoll corpse You hit the gnoll sergeant but do no damage.
The gnoll sergeant hits you with a +0 spear.
The gnoll closely misses you.
You barely miss the gnoll sergeant. The gnoll sergeant closely misses you.
The gnoll misses you.
You hit the gnoll sergeant but do no damage.
The gnoll sergeant closely misses you.
The gnoll hits you from afar with a +0 spear.
You punch the gnoll sergeant!
The gnoll sergeant is moderately wounded.
The gnoll sergeant hits you with a +0 spear!
* * * LOW HITPOINT WARNING * * *
The gnoll hits you from afar with a +0 spear.
* * * LOW HITPOINT WARNING * * *
You hit the gnoll sergeant.
Your tail-slap misses the gnoll sergeant.
The gnoll sergeant is heavily wounded.
The gnoll sergeant hits you with a +0 spear!
* * * LOW HITPOINT WARNING * * *
Unknown command.
The gnoll sergeant hits you from afar with a +0 spear!
You die...

#.##.......#.#.......##..########
#.##.......#.#.........g## #
#.##.......#.#.......##)#
#.##.......#.#.......##)#
#(##.#######.##########g#####
#.#..# #.# #........# #....# #.#
####.###.#####
#.##.#######.##########.# #......
#.###...........h)gg....# #######
..# ##################### ###


You could see a gnoll sergeant and a gnoll.

Vanquished Creatures
  A phantom (D:5)
  A jelly (D:4)
  A hound (D:4)
  An iguana (D:4)
  Robin (D:4)
  6 gnolls
  3 adders
  A white imp (D:5)
  2 dart slugs (D:1)
  5 orcs (D:4)
  3 ball pythons
  4 endoplasms
  5 giant cockroaches
  13 goblins
  5 hobgoblins
  2 jackals (D:1)
  5 kobolds
  2 quokkas (D:1)
  2 rats (D:1)
63 creatures vanquished.

Notes
Turn   | Place    | Note
-------+----------+-------------------------------------------
     0 | D:1      | Doomgape the Draconian Shapeshifter began the quest for the
                  | Orb.
     0 | D:1      | Reached XP level 1. HP: 16/16 MP: 1/1
   124 | D:1      | Reached XP level 2. HP: 18/23 MP: 2/2
   526 | D:1      | Reached XP level 3. HP: 26/29 MP: 3/3
   822 | D:2      | You fall into a shaft and drop 2 floors!
   892 | D:4      | Reached XP level 4. HP: 23/36 MP: 4/4
  1209 | D:4      | Noticed Robin
  1262 | D:4      | Killed Robin
  1263 | D:4      | Reached XP level 5. HP: 34/44 MP: 5/5
  1640 | D:5      | Entered Level 5 of the Dungeon
  1642 | D:5      | Found a shadowy altar of Dithmenos.
  2102 | D:5      | Noticed a phantom
  2122 | D:5      | Killed a phantom
  2123 | D:5      | Reached XP level 6. HP: 32/51 MP: 6/6
  2185 | D:5      | HP: 1/51 [gnoll sergeant/+0 spear (7)]
  2186 | D:5      | Mangled by a gnoll sergeant

Illustrated notes

Levels and vault maps discovered:
D:1:      roderic_crop_circles_arrival_small, layout_loops_ring,
          minmay_statues_item
D:2:      layout_rooms, ebering_ecumenical_altar_sacrificial
D:4:      layout_gridville, uniq_robin
D:5:      layout_loops_ring, nicolae_dithmenos_shadow_blocks,
          serial_co_window_serial, co_window_corner_a, co_window_paths_b,
          co_window_paths_b, co_window_of_opportunity_a,
          co_window_of_opportunity_a, co_window_unsneaky_path_c,
          co_window_2corner, co_window_broadway_b, co_window_of_opportunity_c,
          co_window_corner_ca, co_window_sun, co_window_4corner_a,
          glass_columns_b, glass_columns_a, glass_columns_c, glass_columns_b

Skill      XL: |  1  2  3  4  5 |
---------------+----------------+-----
Dodging        | 2 3 |  3.3
Fighting       | 2 3 |  3.5
Unarmed Combat | 4 |  4.3
Shapeshifting  | 4 |  4.1

Action                     |  1- 3 |  4- 6 || total
---------------------------+-------+-------++-------
  Melee: Unarmed           |    82 |   110 ||   192
         Tailslap          |     7 |    12 ||    19
         Punch             |     2 |     3 ||     5
  Evoke: Wand              |       |     1 ||     1
    Use: Scroll            |       |     6 ||     6
         Potion            |       |     1 ||     1
   Stab: Sleeping          |     1 |       ||     1
 Armour: Skin              |    33 |    80 ||   113
  Dodge: Dodged            |    34 |    61 ||    95
